 Dungeon Sprint DCSS version 0.27-a0-808-g60bc5d92e6 (webtiles) character file.

Game seed: 7811297850078194090

25 mhtbhm the Skirmisher (level 2, 0/29 HPs)
             Began as a Minotaur Fighter on Mar 28, 2021.
             Slain by an ogre
             ... wielding a +0 giant club
              (19 damage)
             ... in the Dungeon (Sprint I: "Red Sonja").
             The game lasted 00:00:07 (114 turns).

mhtbhm the Skirmisher (Minotaur Fighter)             Turns: 114, Time: 00:00:07

Health: 0/29       AC:  7    Str: 20    XL:     2   Next: 82%
Magic:  1/1        EV:  7    Int:  5    God:
Gold:   0          SH:  9    Dex:  9    Spells: 1/1 levels left

rFire    . . .     SeeInvis .   a - +0 trident
rCold    . . .     Faith    .   c - +0 kite shield
rNeg     . . .     Spirit   .   b - +0 scale mail
rPois    .         Reflect  .   (helmet restricted)
rElec    .         Harm     .   (no cloak)
rCorr    .         Rampage  .   (no gloves)
Will     .....     NoTele   +   (no boots)
Stlth    ..........             (no amulet)
HPRegen  0.09/turn              (no ring)
MPRegen  0.07/turn              (no ring)

@: no status effects
A: horns 2, retaliatory headbutt
a: no special abilities


You were in the Dungeon.
You visited 1 branch

Inventory:

Hand Weapons
 a - a +0 trident (weapon)
Armour
 b - a +0 scale mail (worn)
 c - a +0 kite shield (worn)
Scrolls
 j - a scroll of blinking
Potions
 d - a potion of might
 e - a potion of curing
 f - a potion of heal wounds
 g - a potion of haste
 h - 2 potions of magic
 i - a potion of berserk rage


   Skills:
 + Level 5.2 Fighting
 + Level 3.0 Polearms
 + Level 5.2 Armour
 + Level 5.2 Shields


You had one spell level left.
You didn't know any spells.
Your spell library was empty.

Dungeon Overview and Level Annotations

Branches:
Dungeon (1/1)

Altars:


Innate Abilities, Weirdness & Mutations

You have a pair of horns on your head.
You reflexively headbutt those who attack you in melee.


Message History

You open the door.
Ijyb the Twisted Goblin comes into view.
She is wielding a +0 club.
Ijyb shouts!
You reach to attack!
You barely miss Ijyb. You barely miss Ijyb. You headbutt Ijyb.
Ijyb is lightly wounded.
You block Ijyb's attack.
Your shield prevents you from hitting Ijyb.
You headbutt Ijyb!
Ijyb is heavily wounded.
Ijyb barely misses you. Ijyb completely misses you. You furiously retaliate!
You headbutt Ijyb. You hit Ijyb. You headbutt Ijyb.
You kill Ijyb!
Your Fighting skill gained 2 levels and is now at level 5!
Your Polearms skill increases to level 3!
Your Armour skill gained 2 levels and is now at level 5!
Your Shields skill gained 2 levels and is now at level 5!
You have reached level 2!
Unknown command.
There is an open door, spattered with blood here.
Things that are here:
a +0 club; a +0 leather armour; the goblin corpse of Ijyb You start waiting.
Done waiting.
You open the door.
An ogre comes into view. It is wielding a +0 giant club.
Sorry, you're not good enough to have a special ability.
Sorry, you're not good enough to have a special ability.
You reach to attack!
You barely miss the ogre. You closely miss the ogre.
You block the ogre's attack. The ogre hits you with a +0 giant club!
You puncture the ogre!
The ogre is moderately wounded.
You block the ogre's attack.
You hit the ogre but do no damage. Your headbutt misses the ogre.
The ogre is moderately wounded.
The ogre hits you with a +0 giant club!!
Ouch! That really hurt!
You die...

##########
#<.#.@O..#
#..)..#..+
#..#### +#
#..# #..#
#..# #⌠⌠#
####


You could see an ogre.

Vanquished Creatures
  Ijyb (D)
1 creature vanquished.

Notes
Turn   | Place    | Note
-------+----------+-------------------------------------------
     0 | D        | mhtbhm the Minotaur Fighter began the quest for the Orb.
     0 | D        | Reached XP level 1. HP: 19/19 MP: 0/0
     1 | D        | Noticed Ijyb
     5 | D        | Killed Ijyb
     6 | D        | Reached skill level 5 in Fighting
     6 | D        | Reached skill level 5 in Armour
     6 | D        | Reached skill level 5 in Shields
     6 | D        | Reached XP level 2. HP: 29/29 MP: 1/1
   110 | D        | Noticed an ogre
   114 | D        | Slain by an ogre

Illustrated notes

Levels and vault maps discovered:
D:        dungeon_sprint_1 [red_sonja_temple_1, red_sonja_temple_small_1]

Skill      XL: |  1 |
---------------+----+-----
Fighting       | 5 |  5.2
Polearms       | 3 |  3.0
Armour         | 5 |  5.2
Shields        | 5 |  5.2

Action                   || total
-------------------------++-------
Melee: Trident           ||     8
       Headbutt          ||     3
Dodge: Dodged            ||     2
Block: Kite shield       ||     3

Table legend: (Time is in decaauts)
 A = Elapsed time spent in this place.
 B = Non-inter-level travel time spent in this place.
 C = Inter-level travel time spent in this place.
 D = Time resting spent in this place.
 E = Time spent auto-exploring this place.
 F = Levels seen in this place.
 G = Mean time per level.
                   A        B        C        D        E       F      G
               +--------+--------+--------+--------+--------+-----+--------+
         Total |    116 |    116 |      0 |    100 |      1 |   1 |  116.0 |
       Dungeon |    116 |    116 |      0 |    100 |      1 |   1 |  116.0 |
               +--------+--------+--------+--------+--------+-----+--------+

Top non-repeatable levels by time:
       D: 116 daAuts
